 Dungeon Crawl Stone Soup version 0.21.1-1-g345015fe64 (webtiles) character file.

3631 xijinping the Transmogrifier (level 10, -2/58 HPs)
             Began as an Octopode Transmuter on Mar 12, 2018.
             Was a Follower of Makhleb.
             Shot with an arrow by a centaur (14 damage)
             ... on level 8 of the Dungeon.
             The game lasted 00:15:45 (9811 turns).

xijinping the Transmogrifier (Octopode Transmuter)  Turns: 9811, Time: 00:15:47

Health: -2/58      AC:  1    Str: 12    XL:     10   Next: 11%
Magic:  13/13      EV: 13    Int: 19    God:    Makhleb [*.....]
Gold:   391        SH:  0    Dex: 13    Spells: 5/13 levels left

rFire    . . .     SeeInvis .     - Unarmed
rCold    + . .     Gourm    .   (no shield)
rNeg     . . .     Faith    .   (helmet restricted)
rPois    .         Spirit   .   i - amulet of harm
rElec    .         Reflect  .   j - +3 ring of strength
rCorr    .         Harm     +   d - ring of protection from cold
MR       ++...                  t - ring of protection from magic
Stlth    ++........             m - ring of protection from magic
HPRegen  0.19/turn              (no ring)
MPRegen  0.13/turn              (no ring)
                                (no ring)
                                (no ring)

@: lethally poisoned (-2 -> -3)
A: almost no armour, stealthy swim, amphibious, 8 rings, constrict 8, camouflage
1, gelatinous body 1
a: Renounce Religion


You were on level 8 of the Dungeon.
You worshipped Makhleb.
Makhleb was aware of your devotion.
You were not hungry.

You visited 2 branches of the dungeon, and saw 12 of its levels.

You collected 391 gold pieces.

Inventory:

Missiles
 x - 44 arrows
Jewellery
 d - a ring of protection from cold (right tentacle)
 i - an amulet of harm (around mantle)
 j - a +3 ring of strength (left tentacle)
 m - a ring of protection from magic (on tentacle)
 r - an uncursed ring of teleportation
 t - a ring of protection from magic (on tentacle)
Wands
 n - a wand of random effects (31)
 y - a wand of flame (27)
Scrolls
 a - a scroll of blinking
 e - 4 scrolls of remove curse
 f - 3 scrolls of teleportation
 k - 7 scrolls of identify
 l - a scroll of fog
 o - a scroll of enchant armour
 p - a scroll of enchant weapon
 v - a scroll of fear
 w - a scroll of amnesia
 z - a scroll of magic mapping
Potions
 g - 2 potions of lignification
 q - a potion of haste
 u - a potion of ambrosia
Books
 b - a book of Changes

   Spells                             Type                      Level
   a - Beastly Appendage              Transmutation                1
   b - Sticks to Snakes               Transmutation                2
   c - Spider Form                    Transmutation/Poison         3
   d - Ice Form                       Ice/Transmutation            4
   e - Blade Hands                    Transmutation                5
 h - Vehumet's Guide on Conjuration
   (You found it on level 2 of the Dungeon)

   Spells                             Type                      Level
   a - Magic Dart                     Conjuration                  1
Comestibles
 c - 8 rations


   Skills:
 - Level 1.0 Fighting
 - Level 2.0 Dodging
 - Level 6.6 Unarmed Combat
 - Level 2.0 Spellcasting
 * Level 12.3 Transmutations
 - Level 3.2 Ice Magic


You had 5 spell levels left.
You knew the following spells:

 Your Spells              Type           Power        Failure   Level  Hunger
a - Beastly Appendage     Tmut           #####.       1%          1    #......
b - Spider Form           Tmut/Pois      ####......   4%          3    ###....
c - Ice Form              Ice/Tmut       ####....     7%          4    #####..


Dungeon Overview and Level Annotations

Branches:
Dungeon (11/15)            Temple (1/1) D:4
   Lair: D:8-11         Orc: D:9-12

Altars:
Cheibriados
Dithmenos
Fedhas
Gozag
Kikubaaqudgha
Makhleb
Nemelex Xobeh
Okawaru
Qazlal
Ru
Sif Muna
Trog
Vehumet
Wu Jian
Xom
Yredelemnul

Shops:
D:6 =   D:9 (


Innate Abilities, Weirdness & Mutations

You cannot wear most types of armour.
You are very stealthy in the water. (Stealth+)
You are amphibious.
You can wear up to eight rings at the same time.
You can use your tentacles to constrict eight enemies at once.
Your skin changes colour to match your surroundings (Stealth+).
Your rubbery body absorbs attacks. (AC +1, EV +1)


Message History

You see here a stone.
The orc warrior throws a stone.
The stone barely misses you.
You hear a splash.
There is an entrance to Raxenish's Antique Weapon Shop here.
The orc warrior throws a stone.
The stone barely misses you. The adder bites you.
There is an escape hatch in the ceiling here.
The adder bites you.
* * * LOW HITPOINT WARNING * * *
You are poisoned.
The adder poisons you! The orc barely misses you.
The orc wizard hits you with a dagger.
* * * LOW HITPOINT WARNING * * *
A mysterious force pulls you upwards. The hatch slams shut behind you.
The centaur shouts!
An orc and a howler monkey come into view.
You feel sick.
You hear a howl!
The centaur wields a shortbow.
The centaur shoots an arrow.
The arrow hits you!
You die...

############
.....#.....##
............##
.......S.....#
.......@o....#
.......o.....#
.............#
..h.c..>.....#
....o........#
............##
.....#......#
...####.###..


You could see a centaur, a howler monkey (wandering), an orc wizard, an adder
and 2 orcs.

Vanquished Creatures
  The ghost of Mercurio the Quickloader, a novice MiHu of Okawaru (D:8)
  Pikel (D:7)
  Prince Ribbit (D:6)
  A hippogriff (D:8)
  The ghost of xijinping the Insei, an amateur OpTm (D:3)
  A hungry ghost (D:8)
  A water moccasin (D:10)
  A sky beast (D:5)
  A slave (D:7)
  3 phantoms
  5 ogres
  A centaur (D:7)
  A bullfrog (D:5)
  A wyvern skeleton (D:6)
  2 killer bees (D:11)
  A howler monkey (D:6)
  3 crimson imps
  A gnoll shaman (D:5)
  2 bullfrog zombies
  A centaur skeleton (D:4)
  An orc priest (D:7)
  2 hounds
  A jelly (D:6)
  An iguana (D:5)
  4 worker ants
  Terence (D:3)
  A hound zombie (D:6)
  A hound skeleton (D:4)
  8 gnolls
  7 adders
  A river rat (D:4)
  A shadow imp (D:6)
  2 oozes (D:1)
  4 worms
  2 dart slugs
  5 leopard geckos
  7 orcs
  3 ball pythons
  7 giant cockroaches
  9 goblins
  9 hobgoblins
  15 jackals
  9 kobolds
  3 quokkas
  7 bats
  2 frilled lizards
  A jackal zombie (D:7)
  A quokka skeleton (D:8)
  A quokka zombie (D:5)
  6 rats
152 creatures vanquished.

Notes
Turn   | Place    | Note
-------+----------+-------------------------------------------
     0 | D:1      | xijinping the Octopode Transmuter began the quest for the Orb.
     0 | D:1      | Reached XP level 1. HP: 13/13 MP: 3/3
    40 | D:1      | You fall through a shaft!
   119 | D:2      | Reached XP level 2. HP: 9/18 MP: 5/5
   303 | D:2      | Found a radiant altar of Vehumet.
   303 | D:2      | Found an ancient bone altar of Kikubaaqudgha.
   304 | D:2      | Found a deep blue altar of Sif Muna.
   309 | D:2      | Identified Vehumet's Guide on Conjuration
   473 | D:2      | Found a shadowy altar of Dithmenos.
   781 | D:1      | Reached XP level 3. HP: 21/23 MP: 6/6
   786 | D:1      | Learned a level 3 spell: Spider Form
  1172 | D:1      | Reached skill level 3 in Transmutations
  1347 | D:2      | Reached XP level 4. HP: 20/28 MP: 2/7
  1933 | D:3      | Found an ornate altar of the Wu Jian Council.
  1966 | D:3      | Reached skill level 4 in Transmutations
  1966 | D:3      | Reached XP level 5. HP: 19/33 MP: 8/8
  2198 | D:3      | Noticed Terence
  2211 | D:3      | Killed Terence
  2461 | D:3      | Noticed xijinping's ghost (amateur OpTm)
  2482 | D:3      | Killed xijinping's ghost
  2482 | D:3      | Reached skill level 6 in Transmutations
  2482 | D:3      | Reached XP level 6. HP: 38/38 MP: 9/9
  3509 | D:4      | Reached XP level 7. HP: 36/43 MP: 6/10
  4003 | D:4      | Reached skill level 7 in Transmutations
  4144 | D:4      | Reached skill level 5 in Unarmed Combat
  4187 | D:4      | Found a staircase to the Ecumenical Temple.
  4211 | Temple   | Entered the Ecumenical Temple
  4321 | Temple   | Became a worshipper of Makhleb the Destroyer
  4807 | D:5      | Entered Level 5 of the Dungeon
  5129 | D:5      | Reached XP level 8. HP: 36/48 MP: 11/11
  5641 | D:5      | Learned a level 4 spell: Ice Form
  5711 | D:5      | Found an opulent altar of Gozag.
  6368 | D:5      | Reached skill level 8 in Transmutations
  6537 | D:5      | Reached * piety under Makhleb
  6770 | D:6      | Found Tonirope's Jewellery Boutique.
  6962 | D:6      | Reached skill level 9 in Transmutations
  7637 | D:6      | Noticed Prince Ribbit
  7654 | D:6      | Killed Prince Ribbit
  7654 | D:6      | Reached XP level 9. HP: 19/53 MP: 9/12
  8041 | D:7      | Noticed Pikel
  8067 | D:7      | Killed Pikel
  8067 | D:7      | Reached skill level 10 in Transmutations
  8289 | D:7      | Found a bloodstained altar of Trog.
  9094 | D:8      | Noticed Mercurio's ghost (novice MiHu)
  9110 | D:8      | Killed Mercurio's ghost
  9110 | D:8      | Reached skill level 11 in Transmutations
  9133 | D:8      | Reached XP level 10. HP: 33/58 MP: 13/13
  9154 | D:8      | You fall through a shaft for 3 floors!
  9157 | D:11     | Noticed a cyclops
  9158 | D:11     | Reached skill level 12 in Transmutations
  9160 | D:11     | Noticed a manticore
  9162 | D:11     | Noticed a cyclops
  9449 | D:10     | Entered Level 10 of the Dungeon
  9802 | D:9      | Found Raxenish's Antique Weapon Shop.
  9811 | D:8      | Shot with an arrow by a centaur

Skill      XL: |  1  2  3  4  5  6  7  8  9 10 |
---------------+-------------------------------+-----
Unarmed Combat | 4 5 6 |  6.6
Transmutations | 3 4 6 7 9 11 12 | 12.3
Ice Magic      | 3 |  3.2
Fighting       | |  1.0
Dodging        | |  2.0
Spellcasting   | |  2.0

Action                   |  1- 3 |  4- 6 |  7- 9 | 10-12 || total
-------------------------+-------+-------+-------+-------++-------
Melee: Unarmed           |    93 |   111 |   276 |    21 ||   501
       Constrict         |    25 |    25 |    24 |       ||    74
       Tentacles         |     8 |    16 |    30 |     1 ||    55
       Kick              |     2 |       |     5 |       ||     7
       Punch             |     1 |     2 |     3 |       ||     6
 Cast: Beastly Appendage |     2 |     1 |     2 |       ||     5
       Spider Form       |       |     3 |    11 |     1 ||    15
       Ice Form          |       |       |     3 |     3 ||     6
  Use: Potion            |     2 |     5 |     6 |     3 ||    16
       Scroll            |       |       |    12 |     1 ||    13
 Stab: Sleeping          |     7 |     3 |     8 |       ||    18
       Distracted        |       |       |     1 |       ||     1
  Eat: Chunk             |     1 |     8 |     7 |     2 ||    18
       Ration            |       |       |     5 |     1 ||     6
Armor: Skin              |    11 |    14 |    21 |    10 ||    56
Dodge: Dodged            |    50 |    62 |   170 |    25 ||   307
